 Dungeon Crawl Stone Soup version 0.28-a0-384-g9e0c098162 (webtiles) character file.

Game seed: 3254796816905097663

581 zdrol the Slasher (level 7, -14/61 HPs)
             Began as a Minotaur Fighter on Sept 3, 2021.
             Demolished by an ogre (17 damage)
             ... on level 4 of the Dungeon.
             The game lasted 00:22:09 (4123 turns).

zdrol the Slasher (Minotaur Fighter)                Turns: 4123, Time: 00:22:11

Health: -14/61     AC:  7    Str: 21    XL:     7   Next: 13%
Magic:  6/6        EV: 10    Int:  5    God:
Gold:   218        SH:  5    Dex: 11    Spells: 6/6 levels left

rFire   . . .      SeeInvis +   a - +0 long sword
rCold   . . .      Faith    .   c - +0 buckler
rNeg    . . .      Spirit   .   b - +0 scale mail
rPois   .          Reflect  .   (helmet restricted)
rElec   .          Harm     .   (no cloak)
rCorr   .          Rampage  .   (no gloves)
Will    .....                   (no boots)
Stlth   ..........              (no amulet)
HPRegen 0.20/turn               n - ring of see invisible
MPRegen 0.10/turn               (no ring)

@: mighty
A: horns 2, retaliatory headbutt
a: no special abilities


You were on level 4 of the Dungeon.
You visited 1 branch of the dungeon, and saw 4 of its levels.
You also visited: Ossuary.

You collected 218 gold pieces.

Inventory:

Hand Weapons
 a - a +0 long sword (weapon)
 g - a +2 halberd of venom
Missiles
 j - 139 stones
 k - 38 poisoned darts
 t - 4 javelins (quivered)
Armour
 b - a +0 scale mail (worn)
 c - a +0 buckler (worn)
Jewellery
 n - a ring of see invisible (left hand)
Scrolls
 h - a scroll of enchant armour {unknown}
 i - a scroll of amnesia {unknown}
 m - a scroll of magic mapping {unknown}
 o - a scroll of immolation {unknown}
 p - a scroll of teleportation {unknown}
 q - a scroll of vulnerability {unknown}
 r - 4 scrolls of blinking
 v - a scroll of fog
 y - a scroll of noise {unknown}
Potions
 d - 2 potions of might
 e - 2 potions of magic
 f - 2 potions of degeneration
 l - a potion of curing
 s - a potion of cancellation {unknown}
 u - a potion of mutation {unknown}
 w - a potion of haste {unknown}
 x - a potion of resistance {unknown}
 z - a potion of lignification {unknown}


   Skills:
 + Level 5.0 Fighting
 + Level 6.1 Long Blades
 + Level 2.1 Throwing
 + Level 5.1 Armour
 + Level 1.8 Dodging
 + Level 0.5 Stealth
 + Level 4.7 Shields


You had 6 spell levels left.
You didn't know any spells.
Your spell library was empty.

Dungeon Overview and Level Annotations

Branches:
Dungeon (4/15)            Ossuary (visited)
 Temple: D:4-7

Altars:
Fedhas
Xom

Annotations:
D:4 freelancePsychic's ghost, amateur KoSu


Innate Abilities, Weirdness & Mutations

You have a pair of horns on your head.
You reflexively headbutt those who attack you in melee.


Message History

FreelancePsychic's ghost is lightly damaged.
FreelancePsychic's ghost hits you.
FreelancePsychic's ghost hits you but does no damage.
FreelancePsychic's ghost mumbles some strange words.
You block the rat's attack.
You hit the rat.
You kill the rat!
The rat's corpse disappears in a puff of smoke!
FreelancePsychic's ghost hits you.
The ogre hits you with a +0 giant spiked club!
You hit freelancePsychic's ghost.
Your headbutt misses freelancePsychic's ghost.
FreelancePsychic's ghost is moderately damaged.
FreelancePsychic's ghost hits you.
The ogre hits you with a +0 giant spiked club!!
* * * LOW HITPOINT WARNING * * *
FreelancePsychic's ghost mumbles some strange words.
You hit the river rat. Your headbutt misses the river rat.
The river rat is moderately wounded.
FreelancePsychic's ghost gestures wildly while chanting.
The river rat bites you!
* * * LOW HITPOINT WARNING * * *
You feel very mighty all of a sudden.
You block freelancePsychic's ghost's attack.
The ogre hits you with a +0 giant spiked club.
* * * LOW HITPOINT WARNING * * *
The river rat barely misses you.
You slash the ogre!
The ogre is moderately wounded.
FreelancePsychic's ghost barely misses you.
The ogre barely misses you.
The river rat twitches its whiskers.
You block the river rat's attack.
You hit the ogre.
The ogre is severely wounded.
FreelancePsychic's ghost mumbles some strange words.
The river rat bites you.
* * * LOW HITPOINT WARNING * * *
The ogre hits you with a +0 giant spiked club!
You die...

...##⌠##..####..#.##.###
..##...##.......#.#.....
.##..!..##...........##.
.#⌠..♣...'.#............
.##..!?.##.#.........#..
..##...##r.####...#..#..
...##⌠##rr## #...#..#..
#..###OW## #...#.....
##...r@## #......#.#
####### #.#.#..#.#
##############.#..#.#
#####....##........).÷...
#...........#######.#....
##...........# #.......
#............########.....
#.........................
#..≈≈≈≈≈≈≈≈≈..##......>...


You could see an ogre, freelancePsychic's ghost, 2 river rats, a quokka
(summoned) and a rat (summoned).

Vanquished Creatures
  An ice beast (D:4)
  4 centaur zombies (Ossuary)
  Natasha (twice) (D:2)
  An orc wizard (D:3)
  A hound skeleton (D:4)
  7 mummies
  4 gnolls (D:3)
  4 adders
  An ufetubus (D:4)
  A dart slug (D:1)
  3 orcs (D:3)
  9 bats
  5 endoplasms
  6 giant cockroaches
  14 goblins
  10 hobgoblins
  4 jackals (D:4)
  19 kobolds
  4 quokkas
  5 ball pythons
  4 frilled lizards
  2 hobgoblin zombies (Ossuary)
  3 rats
114 creatures vanquished.

Vanquished Creatures (others)
  10 plants (D:1)
10 creatures vanquished.

Grand Total: 124 creatures vanquished

Notes
Turn   | Place    | Note
-------+----------+-------------------------------------------
     0 | D:1      | zdrol the Minotaur Fighter began the quest for the Orb.
     0 | D:1      | Reached XP level 1. HP: 19/19 MP: 0/0
   176 | D:1      | Reached XP level 2. HP: 23/27 MP: 1/1
   590 | D:1      | Reached XP level 3. HP: 33/33 MP: 2/2
  1260 | D:2      | Found a faded altar of an unknown god.
  1322 | D:2      | Reached skill level 3 in Long Blades
  1747 | D:2      | Reached XP level 4. HP: 40/40 MP: 3/3
  1809 | D:2      | Noticed Natasha
  1813 | D:2      | Killed Natasha
  2322 | D:2      | Noticed Natasha
  2334 | D:2      | Killed Natasha
  2508 | D:3      | Found a blossoming altar of Fedhas.
  2524 | D:3      | Reached XP level 5. HP: 46/46 MP: 4/4
  2592 | D:3      | Reached skill level 1 in Throwing
  2672 | D:3      | Reached skill level 4 in Long Blades
  2728 | D:3      | Reached skill level 1 in Dodging
  3496 | D:4      | Found a sand-covered staircase.
  3507 | Ossuary  | Entered an ossuary
  3550 | Ossuary  | Reached XP level 6. HP: 13/53 MP: 5/5
  3557 | Ossuary  | Reached skill level 5 in Long Blades
  3585 | Ossuary  | Reached skill level 5 in Armour
  3806 | D:4      | Noticed an ice beast
  3819 | D:4      | Killed an ice beast
  3820 | D:4      | Reached skill level 5 in Fighting
  3820 | D:4      | Reached skill level 6 in Long Blades
  3820 | D:4      | Reached XP level 7. HP: 53/61 MP: 6/6
  4007 | D:4      | Found a shimmering altar of Xom.
  4102 | D:4      | Found a runed translucent door.
  4102 | D:4      | Noticed freelancePsychic's ghost (amateur KoSu)
  4123 | D:4      | HP: 3/61 [river rat[freelancePsychic's ghost] (5)]
  4123 | D:4      | Demolished by an ogre

Illustrated notes

Levels and vault maps discovered:
D:1:      scummos_arrival_checkerplants, layout_basic, serial_bayou,
          serial_bayou_ford_a, serial_bayou_lake_a, serial_bayou_lagoon_a,
          serial_bayou_crossing
D:2:      layout_loops_corners, serial_glass, glass_columns_b, glass_columns_a,
          glass_columns_a, glass_columns_b, minmay_strange_pillars,
          item_on_display_a, item_on_display_a, item_on_display_a,
          dreamdust_ecumenical_altar_angels_and_demons,
          minmay_goblin_kobold_house, uniq_natasha
D:3:      layout_rooms, mainiacjoe_overflow_tiny_flanked, serial_glass,
          glass_columns_b, glass_columns_b, glass_columns_b, glass_columns_b,
          minmay_goblin_outpost
D:4:      layout_basic, mainiacjoe_overflow_alcove_4,
          mainiacjoe_overflow_concentric_impassable,
          hellmonk_ghost_happy_afterlife, gup_ossuary_entry_pyramid

Skill      XL: |  1  2  3  4  5  6 |
---------------+-------------------+-----
Armour         | 4 5 |  5.1
Shields        | 4 |  4.7
Fighting       | 4 5 |  5.0
Long Blades    | 3 4 6 |  6.1
Throwing       | 2 |  2.1
Dodging        | 1 |  1.8
Stealth        | |  0.5

Action                   |  1- 3 |  4- 6 |  7- 9 || total
-------------------------+-------+-------+-------++-------
Melee: Long sword        |   105 |   149 |    21 ||   275
       Headbutt          |    14 |    28 |     3 ||    45
Throw: Stone             |    18 |     4 |       ||    22
       Javelin           |       |    21 |     4 ||    25
       Dart              |       |    20 |       ||    20
  Use: Scroll            |     2 |     3 |     1 ||     6
       Potion            |       |     6 |     1 ||     7
Armor: Scale mail        |    81 |   103 |     7 ||   191
Dodge: Dodged            |    61 |   125 |     9 ||   195
Block: Buckler           |    28 |    41 |     8 ||    77

Table legend: (Time is in decaauts)
 A = Elapsed time spent in this place.
 B = Non-inter-level travel time spent in this place.
 C = Inter-level travel time spent in this place.
 D = Time resting spent in this place.
 E = Time spent auto-exploring this place.
 F = Levels seen in this place.
 G = Mean time per level.
                   A        B        C        D        E       F      G
               +--------+--------+--------+--------+--------+-----+--------+
         Total |   4274 |   4274 |      0 |    343 |   1845 |   5 |  854.8 |
       Dungeon |   3974 |   3974 |      0 |    199 |   1845 |   4 |  993.5 |
       Ossuary |    300 |    300 |      0 |    144 |      0 |   1 |  300.0 |
               +--------+--------+--------+--------+--------+-----+--------+

Top non-repeatable levels by time:
     D:1: 1326 daAuts
     D:2: 1212 daAuts
     D:3: 885 daAuts
     D:4: 550 daAuts
 Ossuary: 300 daAuts
